 Dungeon Crawl Stone Soup version 0.27.0-1-g7a089689b8 (webtiles) character file.

Game seed: 3563222956420524556

342 Malachi the Sneak (level 6, -5/30 HPs)
             Began as a Vine Stalker Enchanter on Aug 15, 2021.
             Was an Initiate of Gozag.
             Slain by an ogre (34 damage)
             ... on level 4 of the Dungeon.
             The game lasted 00:07:41 (4127 turns).

Malachi the Sneak (Vine Stalker Enchanter)          Turns: 4127, Time: 00:07:42

Health: -5/30      AC:  2    Str: 11    XL:     6   Next: 57%
Magic:  0/10       EV: 12    Int: 17    God:    Gozag
Gold:   401        SH:  0    Dex: 14    Spells: 4/10 levels left

rFire    + + .     SeeInvis .   a - +2 dagger
rCold    . . .     Faith    .   (no shield)
rNeg     . . .     Spirit   +   b - +0 robe
rPois    .         Reflect  .   (no helmet)
rElec    .         Harm     .   (no cloak)
rCorr    .         Rampage  .   (no gloves)
Will     .....                  (no boots)
Stlth    +++.......             (no amulet)
HPRegen  1.10/turn              f - ring of protection from fire
MPRegen  0.12/turn              j - ring of protection from fire

@: no status effects
A: fangs 2, regeneration 1, magic shield, antimagic bite, no potion heal 2,
mutation resistance 1
a: Renounce Religion, Potion Petition, Call Merchant, Bribe Branch


You were on level 4 of the Dungeon.
You worshipped Gozag.
Gozag was aware of your devotion.
You visited 1 branch of the dungeon, and saw 4 of its levels.

You collected 413 gold pieces.
You paid 12 gold pieces to Gozag.

Inventory:

Hand Weapons
 a - a +2 dagger (weapon)
 h - a +0 antimagic dagger
Armour
 b - a +0 robe (worn)
Jewellery
 f - a ring of protection from fire (left hand)
 j - a ring of protection from fire (right hand)
 l - a ring of fire
Scrolls
 g - a scroll of blinking
 m - 2 scrolls of holy word {unknown}
Potions
 c - a potion of degeneration {unknown}
 d - a potion of flight {unknown}
 e - 3 potions of curing {unknown}
 i - a potion of invisibility {unknown}
 k - a potion of heal wounds {unknown}


   Skills:
 + Level 1.3 Fighting
 * Level 2.1 Short Blades
 + Level 2.5 Dodging
 * Level 6.5 Stealth
 - Level 2.5 Spellcasting
 * Level 3.7 Hexes
 * Level 1.1 Ice Magic


You had 4 spell levels left.
You knew the following spells:

 Your Spells              Type           Power      Damage    Failure   Level
a - Corona                Hex            15%        N/A       4%          1
b - Ensorcelled Hibernat  Hex/Ice        20%        N/A       10%         2
c - Confusing Touch       Hex            14%        N/A       12%         3

Your spell library contained the following spells:

 Spells                   Type           Power      Damage    Failure   Level
 Tukima's Dance           Hex            14%        N/A       12%         3
 Dazzling Flash           Conj/Hex       16%        N/A       26%         3


Dungeon Overview and Level Annotations

Branches:
Dungeon (4/15)
 Temple: D:4-7

Altars:
Elyvilon
Fedhas
Gozag
Qazlal
Vehumet


Innate Abilities, Weirdness & Mutations

You have extremely sharp teeth.
Your natural rate of healing is unusually fast.
When hurt, damage is shared between your health and your magic reserves.
Your bite disrupts and absorbs the magic of your enemies.
Potions cannot restore your health.
You are somewhat resistant to further mutation.


Message History

Aim: an ogre, wielding a +0 giant spiked club (lightly wounded, chance to affect: 41%)
The ogre resists with some effort.
The ogre closely misses you.
You closely miss the ball python. Your bite misses the ball python.
The ball python bites you but does no damage.
The ball python closely misses you.
You hit the ball python.
The ball python is severely wounded.
The ball python closely misses you. x2
You closely miss the ball python.
The ball python is severely wounded.
The ball python bites you. The ball python grabs you.
The ball python constricts you.
You hit the ball python.
You kill the ball python!
Casting: Ensorcelled Hibernation (safe; 10% risk of failure)
Confirm with . or Enter, or press ? or * to list all spells.
Aiming: Ensorcelled Hibernation (safe; 10% risk of failure)
Press: ? - help, Shift-Dir - straight line, f/p - ogre
Aim: an ogre, wielding a +0 giant spiked club (lightly wounded, chance to affect: 41%)
The ogre resists with some effort.
The ogre hits you with a +0 giant spiked club!
You see here 9 gold pieces.
Casting: Ensorcelled Hibernation (safe; 10% risk of failure)
Confirm with . or Enter, or press ? or * to list all spells.
Aiming: Ensorcelled Hibernation (safe; 10% risk of failure)
Press: ? - help, Shift-Dir - straight line, f/p - ogre
Aim: an ogre, wielding a +0 giant spiked club (lightly wounded, chance to affect: 41%)
The ogre resists with some effort.
The ogre completely misses you.
You see here 9 gold pieces.
The ogre hits you with a +0 giant spiked club!
Casting: Ensorcelled Hibernation (safe; 10% risk of failure)
Confirm with . or Enter, or press ? or * to list all spells.
Aiming: Ensorcelled Hibernation (safe; 10% risk of failure)
Press: ? - help, Shift-Dir - straight line, f/p - ogre
Aim: an ogre, wielding a +0 giant spiked club (lightly wounded, chance to affect: 41%)
The ogre resists with some effort.
The ogre hits you with a +0 giant spiked club!!
Ouch! That really hurt!
You die...
Your body crumbles into a pile of gold.

#.# .n.....#..## . #.#
####....# . ###.####
##.....).### . #......#
##..##..≈.≈.###
#......###...##..≈≈≈≈...
#..<.....$.#.###≈≈_≈..##
#......####...$..≈.≈..#
#............$#.≈...≈.#
###...#@..#...#####...#
#..###O###.## ####
#...#...#..#
#....._....#
#...#...#..#
#..###.###.#
#...#...#..#
##.........# ###########


You could see an ogre.

Vanquished Creatures
  The ghost of drjones the Digger, a weakling OpEE (D:3)
  A jelly (D:3)
  A centaur skeleton (D:4)
  Natasha (D:3)
  3 orc wizards
  4 adders
  An adder skeleton (D:2)
  3 dart slugs
  10 orcs
  5 bats
  5 endoplasms
  5 giant cockroaches
  9 goblins
  5 hobgoblins
  7 jackals
  5 quokkas
  8 ball pythons
  A frilled lizard (D:3)
  6 kobolds
  7 rats
88 creatures vanquished.

Notes
Turn   | Place    | Note
-------+----------+-------------------------------------------
     0 | D:1      | Malachi the Vine Stalker Enchanter began the quest for the
                  | Orb.
     0 | D:1      | Reached XP level 1. HP: 9/9 MP: 4/4
   286 | D:1      | Reached XP level 2. HP: 8/13 MP: 4/6
   291 | D:1      | Reached skill level 4 in Stealth
   940 | D:1      | Learned a level 2 spell: Ensorcelled Hibernation
  1081 | D:1      | Reached XP level 3. HP: 14/16 MP: 7/7
  1546 | D:2      | Found an opulent altar of Gozag.
  1585 | D:2      | Reached skill level 1 in Short Blades
  2066 | D:2      | Became a worshipper of Gozag Ym Sagoz the Greedy
  2157 | D:2      | Gained mutation: Your natural rate of healing is unusually
                  | fast. [Vine Stalker growth]
  2157 | D:2      | Reached XP level 4. HP: 17/21 MP: 6/8
  2262 | D:2      | Reached skill level 5 in Stealth
  2854 | D:3      | Gained mutation: Armour fits poorly on your strangely
                  | shaped body. [potion of mutation]
  2855 | D:3      | Lost mutation: Armour fits poorly on your strangely shaped
                  | body. [potion of mutation]
  2855 | D:3      | Gained mutation: You are frail. (-10% HP) [potion of
                  | mutation]
  2855 | D:3      | Lost mutation: You are frail. (-10% HP) [potion of
                  | mutation]
  2855 | D:3      | Gained mutation: You have sharp toenails. [potion of
                  | mutation]
  2926 | D:3      | Noticed Natasha
  2932 | D:3      | Killed Natasha
  2933 | D:3      | Reached XP level 5. HP: 25/25 MP: 9/9
  2975 | D:3      | Learned a level 3 spell: Confusing Touch
  3108 | D:3      | Reached skill level 6 in Stealth
  3178 | D:3      | Lost mutation: You have sharp toenails. [potion of
                  | mutation]
  3178 | D:3      | Gained mutation: You have a pair of small horns on your
                  | head. [potion of mutation]
  3178 | D:3      | Gained mutation: Your body sometimes deteriorates upon
                  | taking damage. [potion of mutation]
  3179 | D:3      | Lost mutation: Your body sometimes deteriorates upon taking
                  | damage. [potion of mutation]
  3179 | D:3      | Lost mutation: You have a pair of small horns on your head.
                  | [potion of mutation]
  3179 | D:3      | Gained mutation: You are clumsy. (Dex -2) [potion of
                  | mutation]
  3179 | D:3      | Gained mutation: Your magical capacity is low. (-10% MP)
                  | [potion of mutation]
  3179 | D:3      | Gained mutation: You are somewhat resistant to further
                  | mutation. [potion of mutation]
  3180 | D:3      | Lost mutation: You are clumsy. (Dex -2) [potion of
                  | mutation]
  3180 | D:3      | Lost mutation: Your magical capacity is low. (-10% MP)
                  | [potion of mutation]
  3229 | D:3      | Reached skill level 1 in Fighting
  3262 | D:3      | Found a white marble altar of Elyvilon.
  3309 | D:3      | Found a stormy altar of Qazlal.
  3313 | D:3      | Noticed an air elemental
  3314 | D:3      | Noticed a water elemental
  3314 | D:3      | Noticed a fire elemental
  3451 | D:3      | Found a runed translucent door.
  3452 | D:3      | Noticed drjones's ghost (weakling OpEE)
  3555 | D:3      | Killed drjones's ghost
  3556 | D:3      | Reached XP level 6. HP: 29/30 MP: 8/10
  3622 | D:3      | Found a faded altar of an unknown god.
  3831 | D:3      | Reached skill level 1 in Ice Magic
  3931 | D:4      | Found a radiant altar of Vehumet.
  3941 | D:4      | Found a blossoming altar of Fedhas.
  4070 | D:4      | Noticed a necrophage
  4127 | D:4      | Slain by an ogre

Illustrated notes

Levels and vault maps discovered:
D:1:      tarquinn_simple_flora_water_c, layout_rooms,
          hangedman_decor_peaks_small
D:2:      layout_basic, basic_altar
D:3:      layout_rooms, lemuel_tele_altar, nicolae_qazlal_style_of_elements,
          ebering_ecumenical_altar_ruins, ebering_ghost_reflecting_pool,
          minmay_fractal_squares_5, uniq_natasha
D:4:      layout_rooms, vehumet_crystals, fedhas_altar_2

Skill      XL: |  1  2  3  4  5  6 |
---------------+-------------------+-----
Stealth        | 4 5 6 |  6.5
Short Blades   | 1 2 |  2.1
Dodging        | 2 |  2.5
Fighting       | 1 |  1.3
Ice Magic      | 1 |  1.1
Spellcasting   | |  2.5
Hexes          | |  3.7

Action                   |  1- 3 |  4- 6 || total
-------------------------+-------+-------++-------
Melee: Dagger            |   121 |   235 ||   356
       Bite              |    31 |    53 ||    84
       Kick              |       |    17 ||    17
 Cast: Ensorcelled Hiber |     1 |     9 ||    10
  Use: Scroll            |     2 |     3 ||     5
       Potion            |       |     5 ||     5
 Stab: Sleeping          |     8 |     9 ||    17
       Distracted        |       |     4 ||     4
Armor: Robe              |    15 |    40 ||    55
Dodge: Dodged            |    86 |   126 ||   212
